TOP OF THE 1ST |
Hialeah Dodos batting - Pitching for Rappahannock Partisans : RHP Herman Barnes
|
Pitching: RHP Herman Barnes
|
|
Batting: RHB Herman Cook
|
0-0: Foul Ball, location: 2F 0-1: Ball 1-1: Ball 2-1: Foul Ball, location: 2F 2-2: Strikes out swinging
|
Batting: RHB Peter Baker
|
0-0: Ball 1-0: Ball 2-0: Ball 3-0: Called Strike 3-1: DOUBLE (Groundball, 5L)
|
Batting: RHB Ji-chol Yang
|
0-0: Ball 1-0: Called Strike 1-1: Ball 2-1: Ball 3-1: Foul Ball, location: 2F 3-2: Base on Balls
|
Batting: RHB Joe Andrews
|
0-0: Ball 1-0: Ball 2-0: Ball 3-0: Called Strike 3-1: Foul Ball, location: 2F 3-2: SINGLE (Groundball, 4D) Peter Baker to third Ji-chol Yang to second Peter Baker scores Ji-chol Yang to third
|
Batting: RHB Ramón Gómez
|
0-0: Fly out, F6 (Line Drive, 6D)
|
Batting: LHB Jeff Conklin
|
0-0: Called Strike 0-1: Ball 1-1: Ball 2-1: Fly out, F9 (Flyball, 9LMF)
|
Top of the 1st over - 1 run(s), 2 hit(s), 0 error(s), 2 left on base; Hialeah 1 - Rappahannock 0 |
BOTTOM OF THE 1ST |
Rappahannock Partisans batting - Pitching for Hialeah Dodos : RHP José Guzmán
|
Pitching: RHP José Guzmán
|
|
Batting: RHB Kyle Dempsey
|
0-0: Called Strike 0-1: Ball 1-1: Ball 2-1: Called Strike 2-2: Strikes out swinging
|
Batting: RHB Pablo Lugo
|
0-0: Ball 1-0: Ball 2-0: Ball 3-0: Base on Balls
|
Batting: RHB Tom Baker
|
0-0: Ball 1-0: Ball 2-0: Fly out, F9 (Line Drive, 89S)
|
Batting: LHB Robert Bond
|
0-0: Ball 1-0: Ball 2-0: Called Strike 2-1: Ball 3-1: SINGLE (Flyball, 7S) Pablo Lugo to second
|
Batting: RHB San-gui Liang
|
0-0: Ball 1-0: Called Strike 1-1: Ground out 4-3 (Groundball, 4)
|
Bottom of the 1st over - 0 run(s), 1 hit(s), 0 error(s), 2 left on base; Hialeah 1 - Rappahannock 0 |
TOP OF THE 2ND |
Hialeah Dodos batting - Pitching for Rappahannock Partisans : RHP Herman Barnes
|
Batting: RHB Alvin Rogers
|
0-0: Ball 1-0: Ball 2-0: Ball 3-0: Base on Balls
|
Batting: LHB Jeremiah Spencer
|
0-0: Ball 1-0: Fielders Choice at 2nd, 1-6 (Groundball, 13)
|
Batting: RHB Kelly Flint
|
0-0: Called Strike 0-1: Fly out, F7 (Flyball, 7D)
|
Batting: RHB Herman Cook
|
0-0: Called Strike 0-1: SINGLE (Groundball, 34) Jeremiah Spencer to second Runner from 2nd tries for 3rd, SAFE, no throw or cutoff
|
Batting: RHB Peter Baker
|
0-0: Called Strike 0-1: Ball 1-1: Fly out, F8 (Flyball, 8LM)
|
Top of the 2nd over - 0 run(s), 1 hit(s), 0 error(s), 2 left on base; Hialeah 1 - Rappahannock 0 |
BOTTOM OF THE 2ND |
Rappahannock Partisans batting - Pitching for Hialeah Dodos : RHP José Guzmán
|
Batting: RHB Mal Phillips
|
0-0: Called Strike 0-1: Ball 1-1: Ground out 5-3 (Groundball, 56)
|
Batting: RHB Ricardo Pérez
|
0-0: Ball 1-0: Ball 2-0: Called Strike 2-1: Foul Ball, location: 2F 2-2: Foul Ball, location: 2F 2-2: Ball 3-2: Base on Balls
|
Batting: LHB Alfonso López
|
0-0: Ball 1-0: Foul Ball, location: 2F 1-1: Swinging Strike 1-2: Ball 2-2: Strikes out looking
|
Batting: RHB Tim Wilson
|
0-0: Ball 1-0: Called Strike 1-1: Ball 2-1: Ball 3-1: Base on Balls Ricardo Pérez to second
|
Batting: RHB Kyle Dempsey
|
0-0: Ball 1-0: Ball 2-0: Ground out 6-3 (Groundball, 6)
|
Bottom of the 2nd over - 0 run(s), 0 hit(s), 0 error(s), 2 left on base; Hialeah 1 - Rappahannock 0 |
TOP OF THE 3RD |
Hialeah Dodos batting - Pitching for Rappahannock Partisans : RHP Herman Barnes
|
Batting: RHB Ji-chol Yang
|
0-0: Called Strike 0-1: Called Strike 0-2: Ground out U3 (Groundball, 3S)
|
Batting: RHB Joe Andrews
|
0-0: Ball 1-0: Foul Ball, location: 2F 1-1: Ball 2-1: Ball 3-1: Base on Balls
|
Batting: RHB Ramón Gómez
|
0-0: Ball 1-0: Called Strike 1-1: Called Strike 1-2: Foul Ball, location: 2F 1-2: Ball 2-2: SINGLE (Line Drive, 89S) Joe Andrews to second
|
Batting: LHB Jeff Conklin
|
0-0: Called Strike 0-1: Foul Ball, location: 2F 0-2: Foul Ball, location: 2F 0-2: Strikes out swinging
|
Batting: RHB Alvin Rogers
|
0-0: Foul Ball, location: 2F 0-1: Called Strike 0-2: Ball 1-2: Strikes out swinging
|
Top of the 3rd over - 0 run(s), 1 hit(s), 0 error(s), 2 left on base; Hialeah 1 - Rappahannock 0 |
BOTTOM OF THE 3RD |
Rappahannock Partisans batting - Pitching for Hialeah Dodos : RHP José Guzmán
|
Batting: RHB Pablo Lugo
|
0-0: Ball 1-0: Ground out 1-3 (Groundball, 13S)
|
Batting: RHB Tom Baker
|
0-0: Called Strike 0-1: Swinging Strike 0-2: Ball 1-2: Ground out 6-3 (Groundball, 6MS)
|
Batting: LHB Robert Bond
|
0-0: Ground out 1-3 (Groundball, 15)
|
Bottom of the 3rd over - 0 run(s), 0 hit(s), 0 error(s), 0 left on base; Hialeah 1 - Rappahannock 0 |
TOP OF THE 4TH |
Hialeah Dodos batting - Pitching for Rappahannock Partisans : RHP Herman Barnes
|
Batting: LHB Jeremiah Spencer
|
0-0: Ball 1-0: Ball 2-0: Fly out, F5 (Popup, 15)
|
Batting: RHB Kelly Flint
|
0-0: Fly out, F8 (Flyball, 8RXD)
|
Batting: RHB Herman Cook
|
0-0: Ball 1-0: SINGLE (Groundball, 56D)
|
Batting: RHB Peter Baker
|
0-0: Ball 1-0: Called Strike 1-1: Ball Herman Cook steals 2nd base 2-1: Ball 3-1: Ground out 5-3 (Groundball, 5L)
|
Top of the 4th over - 0 run(s), 1 hit(s), 0 error(s), 1 left on base; Hialeah 1 - Rappahannock 0 |
BOTTOM OF THE 4TH |
Rappahannock Partisans batting - Pitching for Hialeah Dodos : RHP José Guzmán
|
Batting: RHB San-gui Liang
|
0-0: Ball 1-0: Ball 2-0: Called Strike 2-1: Ground out 4-3 (Groundball, 4)
|
Batting: RHB Mal Phillips
|
0-0: Foul Ball, location: 2F 0-1: Called Strike 0-2: Ball 1-2: Ball 2-2: Fly out, F9 (Flyball, 9LD)
|
Batting: RHB Ricardo Pérez
|
0-0: Foul Ball, location: 2F 0-1: Ball 1-1: Ball 2-1: Fly out, F9 (Flyball, 89M)
|
Bottom of the 4th over - 0 run(s), 0 hit(s), 0 error(s), 0 left on base; Hialeah 1 - Rappahannock 0 |
TOP OF THE 5TH |
Hialeah Dodos batting - Pitching for Rappahannock Partisans : RHP Herman Barnes
|
Batting: RHB Ji-chol Yang
|
0-0: Fly out, F9 (Flyball, 89M)
|
Batting: RHB Joe Andrews
|
0-0: Ball 1-0: Ball 2-0: Called Strike 2-1: Called Strike 2-2: Foul Ball, location: 2F 2-2: Ball 3-2: Ground out 4-3 (Groundball, 34)
|
Batting: RHB Ramón Gómez
|
0-0: Ball 1-0: Ball 2-0: Called Strike 2-1: Fly out, F8 (Flyball, 8RM)
|
Top of the 5th over - 0 run(s), 0 hit(s), 0 error(s), 0 left on base; Hialeah 1 - Rappahannock 0 |
BOTTOM OF THE 5TH |
Rappahannock Partisans batting - Pitching for Hialeah Dodos : RHP José Guzmán
|
Batting: LHB Alfonso López
|
0-0: Ball 1-0: Foul Ball, location: 2F 1-1: Ball 2-1: Foul Ball, location: 2F 2-2: Ball 3-2: Strikes out swinging
|
Batting: RHB Tim Wilson
|
0-0: Swinging Strike 0-1: Foul Ball, location: 2F 0-2: Strikes out looking
|
Batting: RHB Kyle Dempsey
|
0-0: Called Strike 0-1: Ground out 3-1 (Groundball, 34)
|
Bottom of the 5th over - 0 run(s), 0 hit(s), 0 error(s), 0 left on base; Hialeah 1 - Rappahannock 0 |
TOP OF THE 6TH |
Hialeah Dodos batting - Pitching for Rappahannock Partisans : RHP Herman Barnes
|
Batting: LHB Jeff Conklin
|
0-0: Ball 1-0: SINGLE (Line Drive, 5D)
|
Batting: RHB Alvin Rogers
|
0-0: Ball 1-0: Fly out, F9 (Flyball, 89D)
|
Batting: LHB Jeremiah Spencer
|
0-0: Ball Jeff Conklin is caught stealing 2nd base 1-0: Foul Ball, location: 2F 1-1: Fly out, F7 (Flyball, 7M)
|
Top of the 6th over - 0 run(s), 1 hit(s), 0 error(s), 0 left on base; Hialeah 1 - Rappahannock 0 |
BOTTOM OF THE 6TH |
Rappahannock Partisans batting - Pitching for Hialeah Dodos : RHP José Guzmán
|
Batting: RHB Pablo Lugo
|
0-0: Called Strike 0-1: Foul Ball, location: 2F 0-2: Foul Ball, location: 2F 0-2: Fly out, F8 (Flyball, 8RM)
|
Batting: RHB Tom Baker
|
0-0: Foul Ball, location: 2F 0-1: Ground out 6-3 (Groundball, 6)
|
Batting: LHB Robert Bond
|
0-0: Ball 1-0: Ground out 4-3 (Groundball, 4)
|
Bottom of the 6th over - 0 run(s), 0 hit(s), 0 error(s), 0 left on base; Hialeah 1 - Rappahannock 0 |
TOP OF THE 7TH |
Hialeah Dodos batting - Pitching for Rappahannock Partisans : RHP Herman Barnes
|
Batting: RHB Kelly Flint
|
0-0: Called Strike 0-1: Called Strike 0-2: Foul Ball, location: 2F 0-2: Ball 1-2: Ball 2-2: Ball 3-2: Reached on error, E3 (Groundball, 3S)
|
Batting: RHB Herman Cook
|
0-0: Fly out, F9 (Flyball, 89S)
|
Batting: RHB Peter Baker
|
0-0: Ball 1-0: Ball 2-0: Foul Ball, location: 2F 2-1: Fielders Choice at 2nd, 1-6 (Groundball, 13)
|
Batting: RHB Ji-chol Yang
|
0-0: Called Strike 0-1: Ball 1-1: Ball 2-1: Swinging Strike 2-2: Foul Ball, location: 2F 2-2: Ball 3-2: Fly out, F8 (Flyball, 8RM)
|
Top of the 7th over - 0 run(s), 0 hit(s), 1 error(s), 1 left on base; Hialeah 1 - Rappahannock 0 |
BOTTOM OF THE 7TH |
Rappahannock Partisans batting - Pitching for Hialeah Dodos : RHP José Guzmán
|
Batting: RHB San-gui Liang
|
0-0: Ground out 6-3 (Groundball, 6M)
|
Batting: RHB Mal Phillips
|
0-0: Ball 1-0: Ball 2-0: Called Strike 2-1: Foul Ball, location: 2F 2-2: Ball 3-2: Strikes out swinging
|
Batting: RHB Ricardo Pérez
|
0-0: Ball 1-0: Foul Ball, location: 2F 1-1: Ball 2-1: Ball 3-1: Base on Balls
|
Batting: LHB Alfonso López
|
0-0: Called Strike 0-1: Called Strike 0-2: Foul Ball, location: 2F 0-2: Foul Ball, location: 2F 0-2: Strikes out looking
|
Bottom of the 7th over - 0 run(s), 0 hit(s), 0 error(s), 1 left on base; Hialeah 1 - Rappahannock 0 |
TOP OF THE 8TH |
Hialeah Dodos batting - Pitching for Rappahannock Partisans : RHP Herman Barnes
|
Batting: RHB Joe Andrews
|
0-0: Called Strike 0-1: Fly out, F5 (Popup, 5SF)
|
Pitching: RHP Chance Wiley
|
|
Batting: RHB Ramón Gómez
|
0-0: Ball 1-0: Ball 2-0: Ball 3-0: Called Strike 3-1: Base on Balls
|
Pitching: LHP Monte Conner
|
|
Pinch Hitting: RHB José Bravo
|
0-0: Ball 1-0: Ball 2-0: 2-RUN HOME RUN (Flyball, 7D), Distance : 387 ft
|
Batting: RHB Alvin Rogers
|
0-0: Called Strike 0-1: Foul Ball, location: 2F 0-2: Strikes out looking
|
Pitching: RHP Mark Walker
|
|
Batting: LHB Jeremiah Spencer
|
0-0: Swinging Strike 0-1: Called Strike 0-2: Strikes out swinging
|
Top of the 8th over - 2 run(s), 1 hit(s), 0 error(s), 0 left on base; Hialeah 3 - Rappahannock 0 |
BOTTOM OF THE 8TH |
Rappahannock Partisans batting - Pitching for Hialeah Dodos : RHP José Guzmán
|
Now in LF: Luis Trujillo
|
|
Batting: RHB Tim Wilson
|
0-0: Ball 1-0: Ball 2-0: Called Strike 2-1: Ball 3-1: Foul Ball, location: 2F 3-2: Base on Balls
|
Batting: RHB Kyle Dempsey
|
0-0: Swinging Strike 0-1: Fly out, F8 (Flyball, 8RM)
|
Batting: RHB Pablo Lugo
|
0-0: 2-RUN HOME RUN (Flyball, 8LXD), Distance : 433 ft
|
Pitching: RHP Brent Riley
|
|
Batting: RHB Tom Baker
|
0-0: Ball 1-0: Fly out, F9 (Line Drive, 89S)
|
Pitching: LHP Ben Flowers
|
|
Batting: LHB Robert Bond
|
0-0: Foul Ball, location: 2F 0-1: Called Strike 0-2: Ball 1-2: Ball 2-2: Ball 3-2: Strikes out looking
|
Bottom of the 8th over - 2 run(s), 1 hit(s), 0 error(s), 0 left on base; Hialeah 3 - Rappahannock 2 |
TOP OF THE 9TH |
Hialeah Dodos batting - Pitching for Rappahannock Partisans : RHP Mark Walker
|
Pitching: LHP Doug Robinson
|
|
Batting: RHB Kelly Flint
|
0-0: Ball 1-0: Ball 2-0: Foul Ball, location: 2F 2-1: Ground out 5-3 (Groundball, 5L)
|
Batting: RHB Herman Cook
|
0-0: Called Strike 0-1: Called Strike 0-2: Ball 1-2: Strikes out swinging
|
Batting: RHB Peter Baker
|
0-0: Ball 1-0: Ball 2-0: Ball 3-0: Foul Ball, location: 2F 3-1: Called Strike 3-2: Strikes out looking
|
Top of the 9th over - 0 run(s), 0 hit(s), 0 error(s), 0 left on base; Hialeah 3 - Rappahannock 2 |
BOTTOM OF THE 9TH |
Rappahannock Partisans batting - Pitching for Hialeah Dodos : LHP Ben Flowers
|
Pitching: RHP Robinson Gonzáles
|
|
Batting: RHB San-gui Liang
|
0-0: Called Strike 0-1: SINGLE (Flyball, 4D)
|
Pinch Runner at 1st Jim Unknown:
|
|
Batting: RHB Mal Phillips
|
0-0: Ball 1-0: Ball 2-0: Ball 3-0: Called Strike 3-1: Foul Ball, location: 2F 3-2: 2-RUN HOME RUN (Line Drive, 7LD), Distance : 358 ft
|
|